 Dungeon Crawl Stone Soup version 0.31-a0-187-gba352fbbf7 (webtiles) character file.

Game seed: 2378138818585967647

196 qw the Skirmisher (level 5, 0/29 HPs)
             Began as a Deep Elf Hunter on June 22, 2023.
             Succumbed to a kobold brigand's poison
             ... on level 3 of the Dungeon.
             The game lasted 00:00:45 (1938 turns).

qw the Skirmisher (Deep Elf Hunter)                 Turns: 1938, Time: 00:00:45

Health: 0/29       AC:  5    Str: 16    XL:     5   Next: 46%
Magic:  7/7        EV: 11    Int: 14    God:
Gold:   75         SH:  0    Dex: 18    Spells: 4/4 levels left

rFire   + . .        Y - +0 orcbow
rCold   . . .        (shield currently unavailable)
rNeg    . . .        e - +0 ring mail
rPois   .            (no helmet)
rElec   .            (no cloak)
rCorr   .            (no gloves)
SInv    .            (no boots)
Will    .....        (no amulet)
Stlth   +            i - +6 ring of strength
HPRegen 0.24/turn    j - ring of protection from fire
MPRegen 0.10/turn

%: no passive effects
@: lethally poisoned (0 -> -14)
A: no striking features
a: no special abilities


You were on level 3 of the Dungeon.
You visited 1 branch of the dungeon, and saw 4 of its levels.

You collected 75 gold pieces.


   Skills:
 + Level 1.5 Fighting
 - Level 9.0 Ranged Weapons
 - Level 2.4 Dodging
 - Level 1.2 Stealth


You had 4 spell levels left.
You didn't know any spells.
Your spell library was empty.

Inventory:

Hand Weapons
 Y - a +0 orcbow (weapon)
Armour
 e - a +0 ring mail (worn)
Jewellery
 i - a +6 ring of strength (left hand)
 j - a ring of protection from fire (right hand)
Potions
 a - a potion of haste
 b - a potion of curing {unknown}
 c - a potion of berserk rage {unknown}
 d - a potion of lignification {unknown}

Dungeon Overview and Level Annotations

Branches:
Dungeon (4/15)
 Temple: D:4-7

Altars:
Nemelex Xobeh
Vehumet
Yredelemnul

Shops:
D:1 [


Message History

The kobold brigand closely misses you. x2
You shoot an arrow.
The arrow hits the kobold brigand but does no damage.
The kobold brigand is severely wounded.
The kobold brigand closely misses you.
You shoot an arrow. The arrow hits the kobold brigand.
The kobold brigand is almost dead.
The kobold brigand hits you with a +1 dagger of speed.
The kobold brigand hits you with a +3 dagger of venom!
You shoot an arrow. The arrow hits the kobold brigand.
You kill the kobold brigand!
The kobold brigand barely misses you.
Your Ranged Weapons skill increases to level 9!
You have reached level 5!
You shoot an arrow.
The arrow closely misses the kobold brigand.
The kobold brigand hits you but does no damage.
You are poisoned.
You shoot an arrow.
The arrow barely misses the kobold brigand.
You feel very sick. The kobold brigand barely misses you.
You shoot an arrow.
The arrow closely misses the kobold brigand.
You feel sick.
The kobold brigand hits you with a +3 dagger of venom.
You are lethally poisoned!
You shoot an arrow. The arrow hits the kobold brigand!
The kobold brigand is heavily wounded.
You feel very sick. The kobold brigand barely misses you.
You shoot an arrow. The arrow hits the kobold brigand.
The kobold brigand is heavily wounded.
You feel sick.
The kobold brigand hits you with a +3 dagger of venom.
You are more poisoned.
The kobold brigand barely misses you.
You shoot an arrow.
The arrow barely misses the kobold brigand.
You die...

>... .... ... ..#
..## ..## ####..#
###).K@.#
))...))).#
....####.##
########..#
#.....#.##
#......#..<.#
#......###..#####
#.............>.#
................#


You could see a kobold brigand.

Vanquished Creatures
  A kobold brigand (D:3)
  A howler monkey (D:2)
  An adder (D:2)
  2 dart slugs (D:1)
  A worm (D:2)
  3 orcs (D:4)
  4 endoplasms
  2 giant cockroaches (D:1)
  4 hobgoblins
  4 jackals (D:2)
  2 quokkas (D:1)
  5 ball pythons
  2 bats (D:1)
  14 frilled lizards
  5 goblins
  14 kobolds
  5 rats
70 creatures vanquished.

Notes
Turn   | Place    | Note
-------+----------+-------------------------------------------
     0 | D:1      | qw the Deep Elf Hunter began the quest for the Orb.
     0 | D:1      | Reached XP level 1. HP: 12/12 MP: 3/3
     0 | D:1      | 0 ||| qw: Version: 0.3-a-9-g12657ce
     0 | D:1      | 0 ||| qw: Game counter: 2459
     0 | D:1      | 0 ||| qw: Always use a shield: true
     0 | D:1      | 0 ||| qw: God list: Okawaru
     0 | D:1      | 0 ||| qw: Allow faded altars: false
     0 | D:1      | 0 ||| qw: Do Orc after D:15 true
     0 | D:1      | 0 ||| qw: Do second Lair branch before Depths: true
     0 | D:1      | 0 ||| qw: Lair rune preference: random
     0 | D:1      | 0 ||| qw: Plans: Normal
     0 | D:1      | 0 ||| PLANNING D:1-11
    25 | D:1      | Found Gaezyaze's Armour Boutique.
    34 | D:1      | 34 ||| SHOPLISTING +0 pair of gloves (63 gold, have 5).
    34 | D:1      | 34 ||| SHOPLISTING +0 pair of gloves of Nifuerch {Int+3
                  | SInv} (308 gold, have 5).
    34 | D:1      | 34 ||| SHOPLISTING +0 ring mail (56 gold, have 5).
    34 | D:1      | 34 ||| SHOPLISTING +0 robe "Byzeok" {Will+ Str+4 Int+6}
                  | (480 gold, have 5).
   146 | D:1      | Reached skill level 6 in Ranged Weapons
   146 | D:1      | Reached XP level 2. HP: 16/16 MP: 4/4
   413 | D:1      | Reached XP level 3. HP: 20/20 MP: 5/5
   721 | D:1      | 721 ||| UPGRADING to +0 ring mail.
   731 | D:1      | 731 ||| DROPPING +0 leather armour.
   732 | D:1      | 732 ||| DROPPING scarf of harm.
   733 | D:1      | 733 ||| DROPPING ring of flight.
   734 | D:1      | 734 ||| UPGRADING to +6 ring of strength.
   735 | D:1      | 735 ||| UPGRADING to ring of protection from fire.
   736 | D:1      | 736 ||| READING scroll labelled FIETEA VONWYL.
   837 | D:1      | 837 ||| DROPPING scroll of butterflies.
  1121 | D:2      | Reached skill level 7 in Ranged Weapons
  1121 | D:2      | Reached XP level 4. HP: 21/25 MP: 6/6
  1196 | D:2      | You fall into a shaft and drop 2 floors!
  1196 | D:4      | Found a basalt altar of Yredelemnul.
  1196 | D:4      | Found a sparkling altar of Nemelex Xobeh.
  1196 | D:4      | Found a radiant altar of Vehumet.
  1272 | D:4      | 1272 ||| READING scroll labelled IPRITO TOLIU.
  1273 | D:4      | 1273 ||| DRINKING 2 green potions.
  1387 | D:2      | Reached skill level 8 in Ranged Weapons
  1414 | D:2      | 1414 ||| SWAPPING to +0 orcbow.
  1433 | D:2      | 1433 ||| DROPPING +0 shortbow.
  1856 | D:2      | 1856 ||| READING scroll labelled KOZEWO CU IQA.
  1857 | D:2      | 1857 ||| READING scroll labelled HYCEECRIEBA.
  1922 | D:3      | Noticed a kobold brigand
  1925 | D:3      | Noticed a kobold brigand
  1932 | D:3      | Killed a kobold brigand
  1933 | D:3      | Reached skill level 9 in Ranged Weapons
  1933 | D:3      | Reached XP level 5. HP: 18/29 MP: 7/7
  1937 | D:3      | HP: 7/29 [poisoned by a kobold brigand]
  1938 | D:3      | Succumbed to a kobold brigand's poison

Levels and vault maps discovered:
D:1:      nzn_arrival_settlement, layout_basic, serial_shops, shop,
          serial_park_tiny_1, st_stairs_10, minmay_lizard_king
D:2:      layout_basic, corexii_hall_statues_l, corexii_corridor_pit
D:3:      cheibrodos_thug_alley, layout_rooms
D:4:      layout_rooms, zin_academy, gammafunk_temple_overflow_statue,
          grunt_temple_overflow_open, minivault_27, minivault_27, uniq_duvessa

Skill      XL: |  1  2  3  4 |
---------------+-------------+-----
Ranged Weapons | 6 7 9 |  9.0
Fighting       | |  1.5
Dodging        | |  2.4
Stealth        | |  1.2

Action                     |  1- 3 |  4- 6 || total
---------------------------+-------+-------++-------
   Fire: Shortbow          |    76 |    54 ||   130
         Orcbow            |       |    56 ||    56
    Use: Scroll            |     1 |     3 ||     4
         Potion            |       |     1 ||     1
 Armour: Leather armour    |     4 |       ||     4
         Ring mail         |     1 |     7 ||     8
  Dodge: Dodged            |    11 |    23 ||    34

Table legend:
 A = Non-vault XP
 B = Vault XP
 C = Vault XP percentage of total XP
 D = Non-vault monster count
 E = Vault monster count
 F = Vault count percentage of total count
                 A         B        C        D         E       F
            +---------+---------+-------+---------+---------+-------
      Total |     148 |     133 |  47.3 |      45 |      25 |  35.7
            +---------+---------+-------+---------+---------+-------
        D:1 |      32 |      17 |  34.7 |      16 |      15 |  48.4
        D:2 |     102 |       0 |   0.0 |      22 |       0 |   0.0
        D:3 |       0 |     116 | 100.0 |       0 |      10 | 100.0
        D:4 |      14 |       0 |   0.0 |       7 |       0 |   0.0
            +---------+---------+-------+---------+---------+-------
